 Dungeon Crawl Stone Soup version 0.30-a0-23-ge60ba3568b (webtiles) character file.

Game seed: 16403659290993512365

354120 nickcage the Skullcrusher (level 21, -10/207 HPs)
             Began as a Minotaur Abyssal Knight on Aug 23, 2022.
             Was the Champion of Lugonu.
             Killed from afar by a tengu reaver (38 damage)
             ... with a bolt of lightning
             ... led by Sojobo
             ... on level 4 of the Vaults on Aug 25, 2022.
             The game lasted 03:21:55 (57523 turns).

nickcage the Skullcrusher (MiAK)                   Turns: 57523, Time: 03:21:56

Health: -10/207    AC: 41    Str: 33    XL:     21   Next: 35%
Magic:  35/35      EV:  7    Int: 14    God:    Lugonu [******]
Gold:   3168       SH: 32    Dex: 20    Spells: 20/20 levels left

rFire   + + .      SeeInvis +    K - +9 eveningstar (distort)
rCold   + . .      Faith    .    q - +3 tower shield {AC+3}
rNeg    + . .      Spirit   .    h - +7 crystal plate armour
rPois   .          Reflect  +    y - +0 mask of the Dragon {Will+ Slay+3 SInv}
rElec   .          Harm     .    S - scarf {rC+ rF+}
rCorr   +          Rampage  .    z - +0 pair of gloves
Will    ++...                    d - +1 pair of boots of the Hurricane {Int+3 Slay+2}
Stlth   ..........               B - amulet of reflection
HPRegen 0.44/turn                j - ring of Voakhen {Fly rF+ Str+6 Dex+3}
MPRegen 0.24/turn                T - ring of Ingiu {rN+ rCorr MP+9 Int+4 Dex+4}

@: lethally poisoned (-10 -> -30), flying
A: horns 2, retaliatory headbutt
}: 2/15 runes: decaying, serpentine
a: Renounce Religion, Depart the Abyss, Bend Space, Banish, Corrupt, Enter the
Abyss


You were on level 4 of the Vaults.
You worshipped Lugonu.
Lugonu was exalted by your worship.
You visited 7 branches of the dungeon, and saw 36 of its levels.
You visited the Abyss 2 times.
You visited 1 bazaar.
You also visited: Sewer, Bailey, Ice Cave, Wizlab and Desolation.

You collected 4200 gold pieces.
You spent 1032 gold pieces at shops.

Inventory:

Hand Weapons
 K - a +9 eveningstar of distortion (weapon)
 X - a +7 flail of protection
Missiles
 p - 42 poisoned darts (quivered)
 L - 3 curare-tipped darts
Armour
 d - the +1 pair of boots of the Hurricane (worn) {Int+3 Slay+2}
   (You acquired it on level 6 of the Dungeon)

   Int:       It affects your intelligence (+3).
   Slay:      It affects your accuracy & damage with ranged weapons and melee
   (+2).
 h - a +7 crystal plate armour (worn)
 q - a +3 tower shield of protection (worn)
 y - the +0 mask of the Dragon (worn) {Will+ Slay+3 SInv}
   (You found it on level 2 of the Vaults)

   Slay:      It affects your accuracy & damage with ranged weapons and melee
   (+3).
   SInv:      It lets you see invisible.
   Will:      It increases your willpower.
 z - a +0 pair of gloves (worn)
 S - a scarf of resistance (worn)
Jewellery
 g - a +4 ring of evasion
 j - the ring of Voakhen (left hand) {Fly rF+ Str+6 Dex+3}
   (You found it in the Desolation of Salt)

   [ring of flight]

   Str:       It affects your strength (+6).
   Dex:       It affects your dexterity (+3).
   rF:        It protects you from fire.
   Fly:       It grants you flight.
 s - the ring "Zustroge" {rN+ Will+ Int+6}
   (You found it on level 3 of the Dungeon)

   [ring of intelligence]

   Int:       It affects your intelligence (+6).
   rN:        It protects you from negative energy.
   Will:      It increases your willpower.
 B - an amulet of reflection (around neck)
 E - an amulet of the acrobat
 M - the ring "Yblays" {*Corrode rPois rF+ rN++ EV+4}
   (You took it off a centaur warrior on level 13 of the Dungeon)

   [ring of evasion]

   EV:        It affects your evasion (+4).
   rF:        It protects you from fire.
   rPois:     It protects you from poison.
   rN:        It greatly protects you from negative energy.
   *Corrode:  It may corrode you when you take damage.
 O - the ring "Quut Qel" {rF+ Slay+4}
   (You took it off a centaur warrior on level 13 of the Dungeon)

   [ring of protection from fire]

   Slay:      It affects your accuracy & damage with ranged weapons and melee
   (+4).
   rF:        It protects you from fire.
 T - the ring of Ingiu (right hand) {rN+ rCorr MP+9 Int+4 Dex+4}
   (You found it in an ice cave)

   [ring of positive energy]

   Int:       It affects your intelligence (+4).
   Dex:       It affects your dexterity (+4).
   rN:        It protects you from negative energy.
   MP:        It affects your magic capacity (+9).
   rCorr:     It protects you from acid and corrosion.
 W - an amulet of regeneration
Wands
 t - a wand of roots (31)
 u - a wand of digging (23)
 F - a wand of polymorph (6)
 G - a wand of paralysis (71)
 N - a wand of flame (51)
Scrolls
 e - 3 scrolls of poison
 m - 23 scrolls of identify
 n - 18 scrolls of teleportation
 o - 3 scrolls of silence
 A - 3 scrolls of enchant weapon
 D - a scroll of summoning
 I - a scroll of magic mapping
 P - a scroll of brand weapon
 R - 2 scrolls of fear
Potions
 b - 4 potions of cancellation
 c - 10 potions of resistance
 f - 7 potions of might
 i - 7 potions of flight
 k - a potion of magic
 l - 4 potions of ambrosia
 r - 3 potions of heal wounds
 v - 15 potions of curing
 w - 10 potions of haste
 J - 6 potions of invisibility
 U - a potion of brilliance
Miscellaneous
 a - a phantom mirror
 x - a phial of floods
 H - a piece from Xom's chessboard (15/15)
 Q - a phantom mirror
 Y - a piece from Xom's chessboard (15/15)


   Skills:
 + Level 22.2 Fighting
 O Level 27 Maces & Flails
 + Level 19.4 Armour
 - Level 1.1 Dodging
 + Level 22.2 Shields
 - Level 9.0 Invocations


You had 20 spell levels left.
You didn't know any spells.
Your spell library contained the following spells:

 Spells                   Type           Power      Damage    Failure   Level
 Freeze                   Ice            0%         1d3       99%         1
 Necrotise                Necr           0%         1d4       99%         1
 Shock                    Conj/Air       0%         1d3       99%         1
 Slow                     Hex            0%         N/A       99%         1
 Sting                    Tmut/Pois      0%         1d3       99%         1
 Blink                    Tloc           0%         N/A       99%         2
 Poisonous Vapours        Pois/Air       0%         N/A       99%         2
 Scorch                   Fire           0%         2d5       99%         2
 Call Canine Familiar     Summ           0%         N/A       100%        3
 Confusing Touch          Hex            0%         N/A       100%        3
 Frozen Ramparts          Ice            0%         1d1       100%        3
 Gell's Gravitas          Tloc           0%         N/A       100%        3
 Lesser Beckoning         Tloc           0%         N/A       100%        3
 Mephitic Cloud           Conj/Pois/Air  0%         N/A       100%        3
 Portal Projectile        Hex/Tloc       0%         N/A       100%        3
 Teleport Other           Tloc           0%         N/A       100%        3
 Tukima's Dance           Hex            0%         N/A       100%        3
 Vampiric Draining        Necr           0%         2d6       100%        3
 Animate Armour           Summ/Erth      0%         N/A       100%        4
 Hailstorm                Conj/Ice       0%         3d3       100%        4
 Ice Form                 Ice/Tmut       0%         N/A       100%        4
 Iskenderun's Mystic Bla  Conj/Tloc      0%         2d3       100%        4
 Leda's Liquefaction      Hex/Erth       0%         N/A       100%        4
 Olgreb's Toxic Radiance  Pois           0%         N/A       100%        4
 Petrify                  Tmut/Erth      0%         N/A       100%        4
 Summon Ice Beast         Ice/Summ       0%         N/A       100%        4
 Agony                    Necr           0%         N/A       100%        5
 Blade Hands              Tmut           0%         N/A       100%        5
 Fireball                 Conj/Fire      0%         3d3       100%        5
 Freezing Cloud           Conj/Ice/Air   0%         6-21      100%        5
 Irradiate                Conj/Tmut      0%         3d11      100%        5
 Iskenderun's Battlesphe  Conj           0%         2d6       100%        5
 Manifold Assault         Tloc           0%         N/A       100%        5
 Conjure Ball Lightning   Conj/Air       0%         3x3d6     100%        6
 Iron Shot                Conj/Erth      0%         9d1       100%        6
 Simulacrum               Ice/Necr       0%         N/A       100%        6
 Starburst                Conj/Fire      0%         6d3       100%        6
 Statue Form              Tmut/Erth      0%         N/A       100%        6
 Spellforged Servitor     Conj/Summ      0%         N/A       100%        7
 Storm Form               Tmut/Air       0%         N/A       100%        7
 Discord                  Hex            0%         N/A       100%        8
 Disjunction              Tloc           0%         N/A       100%        8
 Chain Lightning          Conj/Air       0%         N/A       100%        9
 Polar Vortex             Ice            0%         N/A       100%        9
 Shatter                  Erth           0%         3d5*      100%        9


Dungeon Overview and Level Annotations

Branches:
Dungeon (15/15)            Temple (0/1) D:4            Lair (5/5) D:9
  Swamp (4/4) Lair:3        Snake (4/4) Lair:2        Slime (0/5) Lair:4
    Orc (2/2) D:11            Elf (2/3) Orc:2        Vaults (4/5) D:14
  Crypt (0/3) Vaults:2     Depths (0/4) D:15          Sewer (visited)
 Bailey (visited)           IceCv (visited)          WizLab (visited)
Desolation (visited)

Altars:
Ashenzari
Dithmenos
Elyvilon
Fedhas
Gozag
Hepliaklqana
Makhleb
Nemelex Xobeh
Ru
Sif Muna
Trog
Vehumet
Zin
The Shining One

Shops:
D:1 !   D:15 *   Orc:1 [   Orc:2 ?[*[   Snake:2 [   Snake:4 [   Vaults:2 [

Annotations:
Swamp:3 3 runed translucent doors, Daclul's ghost, journeyman FeEE; Ixzomp's ghost, adept MiMo; Ziutun's ghost, adept GnGl
Elf:2 2 transporters, pdpol's ghost, adept FeSu
Vaults:4 Sojobo


Innate Abilities, Weirdness & Mutations

You have a pair of horns on your head.
You reflexively headbutt those who attack you in melee.


Message History

You feel very sick.
The tengu reaver hits you but does no damage.
The tengu reaver pecks you but does no damage.
You block the tengu reaver's attack.
You barely miss the tengu reaver. You headbutt the tengu reaver!
The tengu reaver is almost dead.
You feel very sick. You block the tengu reaver's attack. x3
The tengu reaver points at you and mumbles some strange words.
The bolt of cold hits you!! You resist.
You miss the tengu reaver.
The tengu reaver is almost dead.
You feel very sick.
The tengu reaver gestures at you while chanting.
The bolt of poison hits you but does no damage.
You are more poisoned.
The tengu reaver hits you with a +1 great sword!
You block the tengu reaver's attack. The tengu reaver claws you.
You bludgeon the tengu reaver!!
You kill the tengu reaver!
Lugonu accepts your kill.
You feel extremely sick.
Press: ? - help, v - describe, . - travel
Here: a tengu reaver, wielding a +1 great sword and wearing a +0 scale mail An open door, spattered with blood.
Press: ? - help, . - travel You can't see that place. [the floor.] Blink to where?
Press: ? - help, Dir - move target
As you read the scroll of blinking, it crumbles to dust.
You feel extremely sick.
The tengu reaver gestures at you while chanting.
The bolt of negative energy misses you.
You feel very sick.
The tengu reaver gestures at you while chanting.
The bolt of lightning hits you!!!
* * * LOW HITPOINT WARNING * * *
The bolt of lightning hits you!!!
You die...

###..#......+
#)#..#))))..#
+[#..')..)..#
#?#..#Q.....+ ###Q
#......# .. #......# ..
#......#
################......#
...............+@.....#
...#...#.).....####+###
..).ยง....).....#
###+###+########
#.........# #.........#
#.....)...# #####'#####
#...#


You could see a tengu reaver.

Vanquished Creatures
  Vashnia (Snake:3)
  Jorgrun (D:12)
  A tentacled monstrosity (Swamp:4)
  A lich (Vaults:2)
  A thorn hunter (Swamp:1)
  Gastronok (D:8)
  A sphinx (Vaults:4)
  3 tengu reavers
  Donald (Snake:4)
  Roxanne (Swamp:1)
  2 frost giants (D:12)
  5 nagarajas (Snake:4)
  An orc warlord (Vaults:3)
  2 fenstrider witches
  7 vault wardens
  An imperial myrmidon (Desolation)
  2 draconian scorchers (WizLab)
  6 ironbound preservers
  The ghost of SirDiesAlot the Metallomancer, a journeyman DEEE of Vehumet (Lair:5)
  5 eleionomae
  A very ugly thing (D:13)
  6 ironbound thunderhulks
  2 halazid warlocks (Desolation)
  2 deep elf demonologists
  An entropy weaver (Vaults:1)
  The ghost of Mostra the Thaumaturge, a journeyman DjFE of Gozag (D:14)
  5 purple draconians (WizLab)
  Azrael (Elf:2)
  3 bunyips
  10 dire elephants
  A deep elf annihilator (Elf:1)
  Snorg (D:10)
  2 crystal guardians
  Josephine (Orc:2)
  7 statues (WizLab)
  2 fire dragons
  4 great orbs of eyes
  2 ragged hierophants (Desolation)
  2 green deaths (Swamp:4)
  5 servants of whispers (Desolation)
  A shambling mangrove (Swamp:1)
  The ghost of xian the Cleaver, a journeyman DrFi of Okawaru (D:8)
  7 yaktaur captains
  10 vault guards
  21 hydras
  8 peacekeepers
  5 alligators
  17 centaur warriors
  3 ghost crabs
  5 boulder beetles
  6 ogre magi
  11 naga warriors
  22 two-headed ogres
  5 anacondas
  A death knight (Vaults:2)
  6 ironbound frosthearts
  3 catoblepae (Lair:5)
  22 dancing weapons
  3 tengu warriors
  7 death yaks (Lair:5)
  A vampire mage (Vaults:2)
  7 shock serpents
  An orc high priest (Elf:2)
  A thrashing horror (Swamp:4)
  21 naga sharpshooters
  16 deep elf knights
  Nergalle (Lair:3)
  2 fire crabs
  3 salamander mystics
  6 goliath frogs
  2 sea snakes (Snake:2)
  5 spriggan druids
  7 naga ritualists
  A death drake (Swamp:2)
  A sea snake (shapeshifter) (Vaults:4)
  10 deep trolls
  A glowing orange brain (Vaults:1)
  Pikel (D:7)
  10 bog bodies
  3 deep elf archers (Elf:1)
  6 wizards
  9 swamp dragons
  A phantasmal warrior (Vaults:2)
  6 lindwurms
  3 harpies (Vaults:1)
  6 ironbound convokers
  6 orc knights
  26 deep elf pyromancers
  23 deep elf zephyrmancers
  A shadow dragon skeleton (Vaults:4)
  6 will-o-the-wisps
  4 mana vipers
  5 necromancers
  8 cyclopes
  An orc sorcerer (D:15)
  3 oklob plants
  34 ugly things
  9 manticores
  10 salamanders
  42 black mambas
  2 centaur zombies (D:15)
  3 elephants (Lair:5)
  7 vault sentinels
  An ice statue (IceCv)
  A frost giant skeleton (Vaults:4)
  An elf skeleton (Vaults:2)
  An elf zombie (Vaults:2)
  13 naga magi
  A human skeleton (Vaults:4)
  5 guardian serpents
  3 gargoyles
  10 cane toads
  A stone giant skeleton (Vaults:2)
  7 rime drakes
  A centaur skeleton (D:15)
  2 orange demons (Swamp:4)
  4 molten gargoyles (Elf:1)
  2 kobold demonologists
  A yaktaur zombie (Vaults:4)
  3 unseen horrors
  3 efreet
  8 komodo dragons
  27 yaktaurs
  A yaktaur skeleton (Vaults:4)
  2 anaconda simulacra (IceCv)
  5 freezing wraiths
  25 tengu conjurers
  6 trolls
  A polar bear (Lair:4)
  10 ice devils (IceCv)
  8 tyrant leeches
  10 hornets
  35 saltlings (Desolation)
  26 blink frogs
  43 slime creatures
  8 dream sheep (Lair:5)
  5 shadows
  Sigmund (D:4)
  2 air elementals
  A flying skull (Vaults:2)
  A water elemental (Elf:2)
  19 spriggans
  8 wyverns
  2 dire elephant simulacra (IceCv)
  6 wraiths
  A vampire (D:12)
  A hog (shapeshifter) (D:13)
  10 basilisks
  67 yaks
  2 steam dragons
  8 fire elementals
  A fire bat (Lair:4)
  2 redbacks (Vaults:1)
  7 vampire mosquitoes
  4 death yak simulacra (IceCv)
  A harpy simulacrum (IceCv)
  2 yaktaur simulacra
  3 large abominations (Swamp:4)
  16 water moccasins
  13 swamp worms
  50 nagas
  2 wargs (Orc:2)
  4 hell hounds
  Duvessa (D:6)
  A glowing shapeshifter skeleton (Vaults:4)
  A hydra simulacrum (IceCv)
  A floating eye (shapeshifter) (D:12)
  A black bear (D:6)
  14 orc warriors
  2 swamp drakes
  An ice beast (D:5)
  A sky beast (D:7)
  30 wolves
  5 centaurs
  38 ogres
  A boggart (Lair:5)
  2 phantoms
  2 elf simulacra
  Blork the orc (D:3)
  8 kobold brigands
  A human zombie (Vaults:4)
  A necrophage (D:4)
  6 bullfrogs
  An earth elemental (Elf:1)
  A two-headed ogre simulacrum (IceCv)
  A gnoll sergeant (D:11)
  5 cane toad simulacra (IceCv)
  2 scorpions
  12 wights
  Dowan (D:6)
  10 killer bees
  An elephant simulacrum (IceCv)
  2 vampire bats (Lair:4)
  4 electric eels
  9 howler monkeys
  11 orc priests
  4 hounds
  2 gnoll boudas
  Crazy Yiuf (D:3)
  2 jellies (Lair:4)
  4 iguanas
  Ijyb (D:3)
  17 orc wizards
  15 hell rats
  2 troll simulacra (IceCv)
  5 polar bear simulacra (IceCv)
  5 wolf simulacra (IceCv)
  7 adders
  11 gnolls
  2 river rats
  A naga simulacrum (IceCv)
  A shadow imp (D:7)
  2 white imps
  An ufetubus (IceCv)
  2 worms
  3 dart slugs
  53 orcs
  11 endoplasms
  6 giant cockroaches
  7 goblins
  4 hobgoblins
  7 jackals
  5 quokkas
  10 ball pythons
  9 bats
  A frilled lizard (D:2)
  24 kobolds
  8 rats
  A bush (Lair:3)
  A pillar of salt (Desolation)
1515 creatures vanquished.

Vanquished Creatures (collateral kills)
  An ice devil (IceCv)
1 creature vanquished.

Vanquished Creatures (others)
  2 deep elf knights (Elf:1)
  A wizard (Vaults:3)
  A deep elf pyromancer (Elf:2)
  A black mamba (Snake:4)
  2 tengu conjurers
  A bloated husk (Swamp:3)
  A saltling (Desolation)
  A swamp worm (Swamp:4)
  A hell rat (Lair:5)
  A bush (Lair:2)
  36 foxfires
  24 fungi
  2 pillars of salt (Desolation)
  75 plants
  3 withered plants (Desolation)
152 creatures vanquished.

Grand Total: 1668 creatures vanquished

Notes
Turn   | Place    | Note
-------+----------+-------------------------------------------
     0 | Abyss:1  | nickcage the Minotaur Abyssal Knight began the quest for
                  | the Orb.
     0 | Abyss:1  | Reached XP level 1. HP: 19/19 MP: 1/1
     1 | D:1      | Escaped the Abyss
   216 | D:1      | Reached skill level 3 in Maces & Flails
   221 | D:1      | Found Sisch's Distillery.
   295 | D:1      | Reached XP level 2. HP: 19/26 MP: 2/2
   688 | D:1      | Reached skill level 4 in Maces & Flails
   691 | D:1      | Found a faded altar of an unknown god.
   870 | D:2      | Reached XP level 3. HP: 31/31 MP: 3/3
  1002 | D:2      | Reached *** piety under Lugonu
  1072 | D:2      | Found a shadowy altar of Dithmenos.
  1329 | D:2      | Reached skill level 5 in Maces & Flails
  1538 | D:3      | Found a sacrificial altar of Ru.
  1541 | D:3      | Noticed a scorpion
  1544 | D:3      | Killed a scorpion
  1545 | D:3      | Reached skill level 6 in Maces & Flails
  1545 | D:3      | Reached XP level 4. HP: 24/39 MP: 4/4
  1759 | D:3      | Noticed Ijyb
  1764 | D:3      | Killed Ijyb
  1765 | D:3      | Reached XP level 5. HP: 43/45 MP: 5/5
  1781 | D:3      | Identified the ring "Zustroge" {rN+ Will+ Int+6}
  2146 | D:3      | Found a runed translucent door.
  2147 | D:3      | Noticed Crazy Yiuf
  2156 | D:3      | Killed Crazy Yiuf
  2363 | D:3      | Found a burning altar of Makhleb.
  2528 | D:4      | Noticed Blork the orc
  2538 | D:3      | Killed Blork the orc
  2539 | D:3      | Reached skill level 7 in Maces & Flails
  2591 | D:4      | Reached XP level 6. HP: 49/51 MP: 6/6
  2628 | D:4      | Found a staircase to the Ecumenical Temple.
  2650 | D:4      | Noticed Sigmund
  2665 | D:4      | Killed Sigmund
  2666 | D:4      | Reached skill level 8 in Maces & Flails
  2875 | D:4      | Noticed a water moccasin
  2880 | D:4      | Killed a water moccasin
  2881 | D:4      | Reached skill level 9 in Maces & Flails
  2881 | D:4      | Reached XP level 7. HP: 57/57 MP: 7/7
  3104 | D:4      | Reached skill level 10 in Maces & Flails
  3200 | D:4      | Reached **** piety under Lugonu
  3610 | D:5      | Entered Level 5 of the Dungeon
  3673 | D:5      | Reached skill level 11 in Maces & Flails
  3694 | D:5      | Reached XP level 8. HP: 56/66 MP: 8/8
  3844 | D:5      | Reached skill level 1 in Shields
  4110 | D:5      | Upgraded the game from 0.30-a0-12-gd8047c6341 to
                  | 0.30-a0-23-ge60ba3568b
  4176 | D:6      | Found a glowing drain.
  4180 | Sewer    | Entered a sewer
  4410 | Sewer    | Reached skill level 12 in Maces & Flails
  4547 | D:6      | Noticed Duvessa
  4547 | D:6      | Noticed Dowan
  4742 | D:6      | Identified 2 scrolls of acquirement
  4742 | D:6      | Acquired the +1 pair of boots of the Hurricane {Int+3
                  | Slay+2}
  4749 | D:6      | Acquired a +1 crystal plate armour
  4812 | D:6      | Found a hazy altar of Hepliaklqana.
  4940 | D:6      | Killed Dowan
  5161 | D:6      | Reached skill level 5 in Fighting
  5202 | D:6      | Killed Duvessa
  5203 | D:6      | Reached XP level 9. HP: 67/74 MP: 9/9
  5439 | D:7      | Noticed Pikel
  5454 | D:7      | Killed Pikel
  5455 | D:7      | Reached skill level 13 in Maces & Flails
  5455 | D:7      | Reached skill level 5 in Armour
  5881 | D:7      | Found a blossoming altar of Fedhas.
  5884 | D:7      | Found a shimmering blue altar of Sif Muna.
  6003 | D:7      | Found a shadowy altar of Dithmenos.
  6006 | D:7      | Found a white marble altar of Elyvilon.
  6199 | D:8      | Reached ***** piety under Lugonu
  6293 | D:8      | Found a runed translucent gate.
  6293 | D:8      | Found a runed translucent gate.
  6293 | D:8      | Found a runed translucent gate.
  6294 | D:8      | Found an opulent altar of Gozag.
  6294 | D:8      | Noticed a manticore
  6295 | D:8      | Noticed a cyclops
  6295 | D:8      | Noticed xian's ghost (journeyman DrFi)
  6297 | D:8      | Noticed Gastronok
  6312 | D:8      | Killed Gastronok
  6313 | D:8      | Reached skill level 14 in Maces & Flails
  6313 | D:8      | Reached skill level 5 in Shields
  6313 | D:8      | Reached XP level 10. HP: 65/84 MP: 10/10
  6775 | D:8      | Found a broken altar of Ashenzari.
  7428 | D:9      | Found a staircase to the Lair.
  7496 | D:9      | Found a flagged portal.
  7556 | Bailey   | Entered a bailey
  7884 | Bailey   | Noticed a two-headed ogre
  7895 | Bailey   | Killed a two-headed ogre
  7896 | Bailey   | Reached XP level 11. HP: 77/95 MP: 11/11
  8435 | D:10     | Entered Level 10 of the Dungeon
  8603 | D:10     | Reached skill level 15 in Maces & Flails
  8773 | D:10     | Noticed Snorg
  8797 | D:10     | Killed Snorg
  8798 | D:10     | Reached skill level 10 in Armour
  9002 | D:10     | Noticed a two-headed ogre
  9015 | D:10     | Killed a two-headed ogre
  9271 | D:10     | Found a sparkling altar of Nemelex Xobeh.
  9638 | D:11     | Reached skill level 10 in Shields
  9696 | D:11     | Noticed a two-headed ogre
  9705 | D:11     | Killed a two-headed ogre
  9736 | D:11     | Found a frozen archway.
  9753 | D:11     | Reached XP level 12. HP: 68/106 MP: 12/12
  9768 | IceCv    | Entered an ice cave
  9785 | IceCv    | Reached skill level 10 in Fighting
 10255 | IceCv    | Reached ****** piety under Lugonu
 11210 | IceCv    | Identified the ring of Ingiu {rN+ rCorr MP+9 Int+4 Dex+4}
 11263 | IceCv    | Found an ancient bone altar of Kikubaaqudgha.
 11699 | IceCv    | Reached skill level 16 in Maces & Flails
 12571 | D:11     | Found a staircase to the Orcish Mines.
 12787 | Lair:1   | Entered Level 1 of the Lair of Beasts
 12819 | Lair:1   | Noticed a seven-headed hydra
 12845 | Lair:1   | Killed a seven-headed hydra
 13260 | Lair:1   | Reached XP level 13. HP: 83/116 MP: 14/14
 14627 | Lair:2   | Found a staircase to the Snake Pit.
 15416 | Lair:2   | Reached skill level 17 in Maces & Flails
 16177 | Lair:3   | Noticed Nergalle
 16192 | Lair:3   | Killed Nergalle
 16362 | Lair:3   | Found a staircase to the Swamp.
 16524 | Lair:3   | Reached skill level 5 in Invocations
 16614 | Lair:3   | HP: 4/119 [wyvern (6)]
 17920 | Lair:4   | Found a transporter.
 18146 | Lair:4   | Reached XP level 14. HP: 127/127 MP: 17/17
 18150 | Lair:4   | Reached skill level 15 in Armour
 18531 | Lair:4   | Got Ufuwny's Commentary on Bedrock
 18587 | Lair:4   | Found a transporter.
 18606 | Lair:4   | Found a staircase to the Slime Pits.
 19205 | Lair:5   | Entered Level 5 of the Lair of Beasts
 19391 | Lair:5   | Reached skill level 18 in Maces & Flails
 19628 | Lair:5   | Found a runed translucent door.
 19629 | Lair:5   | Noticed SirDiesAlot's ghost (journeyman DEEE)
 19634 | Lair:5   | Identified the +4 spear "Ysiwi" {pain, Fragile rC+ MP-9
                  | Str+10}
 19682 | Lair:5   | Found a glowing golden altar of the Shining One.
 21664 | Lair:5   | Reached skill level 19 in Maces & Flails
 23010 | D:12     | Noticed Jorgrun
 23027 | D:12     | Killed Jorgrun
 23770 | D:12     | Reached XP level 15. HP: 130/139 MP: 19/19
 23905 | D:12     | Reached skill level 15 in Fighting
 24107 | D:12     | Reached skill level 20 in Maces & Flails
 24369 | D:12     | Noticed a tengu reaver
 24369 | D:12     | Noticed a frost giant
 24392 | D:12     | Killed a frost giant
 24432 | D:12     | Killed a tengu reaver
 24499 | D:12     | Noticed a frost giant
 24777 | D:12     | Killed a frost giant
 25329 | D:12     | Acquired a +7 eveningstar of venom
 25480 | Orc:1    | Entered Level 1 of the Orcish Mines
 26130 | Orc:1    | Found Ustir's Antique Armour Shoppe.
 26219 | Orc:2    | Entered Level 2 of the Orcish Mines
 26291 | Orc:2    | Found a staircase to the Elven Halls.
 26428 | Orc:2    | Paralysed by something for 4 turns
 26870 | Orc:2    | Paralysed by something for 4 turns
 26951 | Orc:2    | Reached skill level 21 in Maces & Flails
 27021 | Orc:2    | Noticed Josephine
 27034 | Orc:2    | Killed Josephine
 27268 | Orc:2    | Found Femmeyghou's Antique Armour Shop.
 27268 | Orc:2    | Found Jiasuop's Magic Scroll Emporium.
 27269 | Orc:2    | Found Quemuinie's Armour Shoppe.
 27269 | Orc:2    | Found Wauzank's General Store.
 27277 | Orc:2    | Bought a scroll of enchant armour for 90 gold pieces
 27277 | Orc:2    | Bought a scroll of enchant armour for 90 gold pieces
 27781 | D:13     | Found a glowing silver altar of Zin.
 28352 | D:13     | Identified the ring of Anlukirph {rN+ Dex+4 Slay-3 SInv}
 28364 | D:13     | Identified the ring "Yblays" {*Corrode rPois rF+ rN++ EV+4}
 28371 | D:13     | Reached XP level 16. HP: 89/154 MP: 21/21
 28375 | D:13     | Identified the ring "Quut Qel" {rF+ Slay+4}
 28681 | D:13     | Identified the ring of Knowledge {Ice MP+9}
 28989 | D:14     | Noticed Mostra's ghost (journeyman DjFE)
 29425 | D:14     | Reached skill level 22 in Maces & Flails
 29437 | D:14     | Found a runed translucent door.
 29483 | D:14     | Found a gate to the Vaults.
 30220 | D:14     | Killed Mostra's ghost
 30382 | D:8      | Killed xian's ghost
 30603 | D:15     | Entered Level 15 of the Dungeon
 30694 | D:15     | Found Haobris's Demolitions Depot.
 30740 | D:15     | Paralysed by something for 3 turns
 31394 | Abyss:2  | Cast into level 2 of the Abyss (a wizard)
 31395 | D:15     | Escaped the Abyss
 31464 | D:15     | Found a staircase to the Depths.
 31899 | Elf:1    | Entered Level 1 of the Elven Halls
 32080 | Orc:2    | Reached skill level 23 in Maces & Flails
 33559 | Elf:1    | Reached XP level 17. HP: 163/163 MP: 22/22
 34774 | Swamp:1  | Entered Level 1 of the Swamp
 35410 | Swamp:1  | Paralysed by a fenstrider witch for 4 turns
 35576 | Swamp:1  | Identified Roxanne's Discursus on the Ground
 35576 | Swamp:1  | Noticed Roxanne
 35608 | Swamp:1  | Killed Roxanne
 36609 | Swamp:2  | Reached skill level 24 in Maces & Flails
 37086 | Swamp:3  | Reached skill level 15 in Shields
 37304 | Swamp:3  | Found a runed translucent gate.
 37304 | Swamp:3  | Found a runed translucent gate.
 37304 | Swamp:3  | Found a runed translucent gate.
 37304 | Swamp:3  | Noticed Ziutun's ghost (adept GnGl)
 37306 | Swamp:3  | Noticed Daclul's ghost (journeyman FeEE)
 37309 | Swamp:3  | Noticed Ixzomp's ghost (adept MiMo)
 37537 | Swamp:3  | Found a bloodstained altar of Trog.
 37746 | Swamp:4  | Entered Level 4 of the Swamp
 38713 | Swamp:4  | Reached XP level 18. HP: 150/176 MP: 23/23
 39203 | Swamp:4  | Got a decaying rune of Zot
 39286 | Swamp:4  | Noticed a tentacled monstrosity
 39299 | Swamp:4  | Killed a tentacled monstrosity
 39668 | Snake:1  | Entered Level 1 of the Snake Pit
 40717 | Snake:1  | Identified the +6 spear "Toxyfoirph" {vorpal, Drain Int+3
                  | Dex+4}
 41656 | Snake:2  | Reached skill level 25 in Maces & Flails
 41957 | Snake:2  | Found Sunan's Antique Armour Boutique.
 41965 | Snake:2  | Bought a runed cloak for 285 gold pieces
 43077 | Snake:3  | Noticed Vashnia
 43108 | Snake:3  | Killed Vashnia
 44341 | Snake:4  | Entered Level 4 of the Snake Pit
 44360 | Snake:4  | Noticed Donald
 44373 | Snake:4  | Killed Donald
 44505 | Snake:4  | Found Toown's Antique Armour Shoppe.
 44528 | Snake:4  | Identified a +9 eveningstar of distortion (a +9 eveningstar
                  | of protection corrupted by Lugonu)
 44528 | Snake:4  | Received a gift from Lugonu
 44784 | Snake:4  | Reached XP level 19. HP: 184/184 MP: 24/24
 46016 | Snake:4  | Got a serpentine rune of Zot
 46529 | Elf:2    | Found a runed translucent gate.
 46530 | Elf:2    | Found a runed translucent gate.
 46530 | Elf:2    | Found a runed translucent gate.
 46574 | Elf:2    | Noticed Azrael
 46592 | Elf:2    | Killed Azrael
 46593 | Elf:2    | Reached skill level 26 in Maces & Flails
 46665 | Elf:2    | Noticed pdpol's ghost (adept FeSu)
 46666 | Elf:2    | Found a bloodstained altar of Trog.
 46666 | Elf:2    | Found a transporter.
 46740 | Elf:2    | Found a transporter.
 46851 | Elf:2    | Found Subeypeu's Jewellery Shoppe.
 46852 | Elf:2    | Paralysed by an air elemental for 1 turns
 48265 | Lair:4   | Identified the ring of Vecrewud {Int+4 Dex+6}
 48367 | Lair:5   | Killed SirDiesAlot's ghost
 48609 | Vaults:1 | Entered Level 1 of the Vaults
 48757 | Vaults:1 | Found a crumbling gateway.
 48792 | Desolati | Entered the Desolation of Salt
 49406 | Desolati | Identified the +5 long sword of the Orb {drain, Stlth+}
 49475 | Desolati | Identified the ring of Voakhen {Fly rF+ Str+6 Dex+3}
 49477 | Desolati | Identified the amulet of Elitism {RegenMP Harm rPois}
 49488 | Desolati | Identified the +3 leather armour of Lowe {Int+3}
 50074 | Desolati | Got the Meditations on Hot Concussion
 50265 | Desolati | Reached XP level 20. HP: 157/195 MP: 25/25
 51732 | Vaults:2 | Paralysed by a great orb of eyes for 2 turns
 51739 | Vaults:2 | Found Leuhavvo's Antique Armour Shoppe.
 51769 | Vaults:2 | Reached skill level 27 in Maces & Flails
 52139 | Vaults:2 | Found a magical portal.
 52160 | WizLab   | Entered Iskenderun's Mystic Tower
 54197 | WizLab   | Got Iskenderun's Grimoire of the Salvo
 54197 | WizLab   | Got Iskenderun's Precepts of Damage Dealing
 54324 | Vaults:2 | Found a staircase to the Crypt.
 54784 | Vaults:2 | Identified the +1 robe "Okkoc" {rC+ rCorr Str-3 Dex+3}
 54791 | Vaults:2 | Found a radiant altar of Vehumet.
 54791 | Vaults:2 | Found the +0 mask of the Dragon {Will+ Slay+3 SInv}
 54836 | Vaults:2 | Identified the +1 robe of Peek-a-Boo {rPois}
 56007 | Vaults:3 | Reached XP level 21. HP: 206/206 MP: 26/26
 57231 | Vaults:4 | Found a gateway to a bazaar.
 57310 | Bazaar   | Entered a bazaar
 57310 | Bazaar   | Found Mesk's Magic Scroll Shoppe.
 57310 | Bazaar   | Found Sorin's Magic Scroll Emporium.
 57312 | Bazaar   | Found Hysuyk's Assorted Antiques.
 57318 | Bazaar   | Bought a scroll of magic mapping for 135 gold pieces
 57322 | Bazaar   | Bought a potion of heal wounds for 135 gold pieces
 57328 | Bazaar   | Found Diuk's Magic Scroll Emporium.
 57332 | Bazaar   | Bought a scroll of enchant weapon for 52 gold pieces
 57332 | Bazaar   | Bought a scroll of brand weapon for 66 gold pieces
 57332 | Bazaar   | Bought a scroll of enchant armour for 52 gold pieces
 57336 | Bazaar   | Bought a scroll of enchant weapon for 127 gold pieces
 57514 | Vaults:4 | Noticed Sojobo
 57523 | Vaults:4 | Killed from afar by a tengu reaver

Illustrated notes

Levels and vault maps discovered:
D:1:      minmay_arrival_checkered_box, layout_loops_ring, serial_shops, shop,
          basic_ecumenical_altar, minmay_three_crescents
D:2:      layout_rooms, basic_altar, kennysheep_minor_cross
D:3:      layout_loops_ring, mainiacjoe_overflow_brackets,
          lightli_temple_of_fire, minmay_checkerbox, uniq_crazy_yiuf_cottage,
          uniq_ijyb
D:4:      cheibrodos_barr_body, layout_gridville, minmay_temple_entry_waves,
          grunt_decor_junction, uniq_blork_the_orc, uniq_sigmund
D:5:      layout_rooms, minmay_fractal_squares_gapless_5
D:6:      layout_rooms, worldfamousw_hep_ancestral_shrine, gup_sewer_entry_bowl,
          serial_glass, glass_columns_b, glass_columns_b, uniq_duvessa
D:7:      layout_cave_pools, nicolae_overflow_hidden_temple, patterned_corridor,
          uniq_pikel
D:8:      layout_basic, cheibrodos_ashenzari_chains, ebering_ghost_gozag,
          uniq_gastronok
D:9:      layout_gridville, lair_entry_dummy, enter_bailey_2
D:10:     layout_basic, kennysheep_little_box, uniq_snorg
D:11:     layout_irregular_city, erik_orc_1, serial_column_ruins,
          column_ruins_hut, column_ruins_hut_ruined, column_ruins_open_tiny,
          column_ruins_columns_straight, column_ruins_grid_1,
          column_ruins_grid_1, column_ruins_open_medium,
          column_ruins_open_large, portal_ice_cave_rime
D:12:     kennysheep_snake, layout_irregular_city, uniq_jorgrun
D:13:     minmay_the_grid_triangle_9x9_recursive_3_mashed
          [minmay_the_grid_triangle_9x9_from_above,
          minmay_the_grid_triangle_9x9_alien,
          minmay_the_grid_triangle_9x9_zippers_horizontal,
          minmay_the_grid_triangle_9x9_prize_special,
          minmay_the_grid_triangle_9x9_shrine,
          minmay_the_grid_triangle_9x9_limited_checkers,
          minmay_the_grid_triangle_9x9_empty,
          minmay_the_grid_triangle_9x9_checkered,
          minmay_the_grid_triangle_9x9_descending_squares], layout_long_grid,
          zin_academy
D:14:     layout_big_octagon, lightli_vaults_fourway_checkpoint,
          kennysheep_cross_room, hellmonk_ghost_happy_afterlife
D:15:     grunt_enter_depths_magical_seal, layout_cave_pods,
          chequers_serial_rivers_micro_c, nicolae_blasting_shop
Lair:1:   layout_regular_city, fungi_pond_lemuel
Lair:2:   layout_loops_ring, minmay_snake_entry_guardpost_small
Lair:3:   layout_hall_layers, skrybe_swamp_entry_bodies, special_room
          [special_room_mythical_zoo], minmay_lair_oklob_bushes,
          serial_bayou_pond_a, grunt_megastairs_5, uniq_nergalle
Lair:4:   gammafunk_cloud_chamber, layout_regular_city,
          minmay_slime_entry_pillars, roderic_batcave, grunt_megastairs_4,
          serial_bayou_shore_b
Lair:5:   evilmike_catoblepas_cave, layout_regular_city, basic_altar,
          ebering_ghost_funeral_grove, grunt_megastairs_3
Swamp:1:  layout_basic_swamp, nicolae_swamp_well_well_well, uniq_roxanne
Swamp:2:  layout_basic_swamp, evilmike_swamp_ruin_house_1
Swamp:3:  layout_basic_swamp, gammafunk_ghost_cemetery, lemuel_altar_in_water
Swamp:4:  swamp_vile, layout_basic_swamp
Snake:1:  layout_chambers, nicolae_integral_box
Snake:2:  layout_misc_corridors, serial_shops, shop, nicolae_snake_snake_lake
Snake:3:  layout_chambers, nrook_guardian_serpent_double,
          nicolae_triple_integral, uniq_vashnia
Snake:4:  minmay_snake_end_coiled, layout_basic, serial_shops,
          nicolae_shop_advertising_works [nicolae_subvault_shop_adworks],
          drop_trap, uniq_donald
Orc:1:    layout_caves, serial_shops, nicolae_shop_overgrown_old_shop,
          nicolae_orc_damp_corner
Orc:2:    st_orc_ogre_mass, layout_caves, david_defended_altar_orc,
          uniq_josephine
Elf:1:    minmay_elf_arrival_circle, layout_geoelf_diagonals,
          hangedman_elven_crosses_minicolossus, minivault_8
Elf:2:    nicolae_elf_blades_crystal_corner, layout_onion_city,
          gammafunk_ghost_wrathful_warriors, serial_shops, shop,
          hellmonk_bongcloud_opening, uniq_azrael
Vaults:1: portal_desolation_entry_nicolae_slug, v_misc_9, v_misc_4,
          hangedman_vaults_restitches, grunt_vaults_swirl,
          layout_vaults_chaotic_city
Vaults:2: lightli_enter_wizlab_magi_temple, nicolae_vaults_alarming,
          nicolae_vaults_rhombus_7, v_alt_pattern_5, v_misc_22, v_alt_pattern_6,
          grunt_tower_of_power, hangedman_vaults_nodes, ontoclasm_vaults_chip,
          v_misc_25, ontoclasm_vaults_ring_large,
          nicolae_vaults_twisting_passages, minmay_crypt_entry_simple_box,
          vaults_mumra_chevron_long, vaults_mumra_lcd, layout_vaults_omnibox,
          serial_shops, shop
Vaults:3: vaults_dpeg_emergency_exit, v_misc_33, v_rooms_4, v_misc_26,
          serial_ice_g, layout_vaults_omnigrid
Vaults:4: v_misc_9, hangedman_vaults_hat, nicolae_vaults_shelves_hall,
          nicolae_vaults_circle_grid_b, hangedman_vaults_corner,
          nicolae_vaults_display_case, vaults_mumra_minichess_inversion,
          v_misc_18, vaults_room_grunt_arrival_checkpoint,
          layout_vaults_maze_snakey, serial_shops, bzr_in_the_mist, uniq_sojobo

Skill      XL: |  1  2  3  4  5  6  7  8  9 10 11 12 13 14 15 16 17 18 19 20 21 |
---------------+----------------------------------------------------------------+-----
Maces & Flails | 3 4 6 7 9 11 12 14 15 16 17 19 21 23 24 25 26 27 | 27.0
Fighting       | 5 6 8 9 11 12 14 16 18 19 20 21 22 | 22.2
Shields        | 3 5 7 10 11 13 15 17 19 21 22 | 22.2
Armour         | 4 7 9 11 13 14 15 16 17 18 19 | 19.4
Invocations    | 3 5 7 8 9 |  9.0
Dodging        | |  1.1

Action                   |  1- 3 |  4- 6 |  7- 9 | 10-12 | 13-15 | 16-18 | 19-21 || total
-------------------------+-------+-------+-------+-------+-------+-------+-------++-------
Melee: Mace              |    80 |    60 |   273 |   787 |  1222 |       |       ||  2422
       Headbutt          |     8 |     5 |    53 |   214 |   442 |   363 |   308 ||  1393
       Punch             |       |     2 |     2 |       |       |       |       ||     4
       Eveningstar       |       |       |       |       |   315 |  1315 |  1069 ||  2699
Throw: Dart              |       |     4 |     9 |    24 |    70 |    38 |    35 ||   180
Invok: Bend Space        |       |       |       |     1 |       |       |       ||     1
       Depart the Abyss  |       |       |       |       |       |     1 |       ||     1
       Brand Weapon With |       |       |       |       |       |     1 |       ||     1
  Use: Scroll            |       |       |    19 |    10 |    11 |     5 |     4 ||    49
       Potion            |       |       |       |     4 |     6 |     1 |       ||    11
 Stab: Distracted        |       |       |       |     1 |       |       |       ||     1
Armor: Leather armour    |    30 |     2 |       |       |       |       |       ||    32
       Scale mail        |       |    11 |    42 |       |       |       |       ||    53
       Crystal plate arm |       |       |    56 |   480 |   811 |   662 |   358 ||  2367
       Chain mail        |       |       |     2 |       |       |       |       ||     2
       Skin              |       |       |       |       |   110 |       |       ||   110
Dodge: Dodged            |    58 |    32 |    53 |   121 |   273 |   194 |   130 ||   861
Block: Other             |       |       |     4 |       |       |       |       ||     4
       Buckler           |       |       |    53 |   342 |   736 |    55 |       ||  1186
       Reflection        |       |       |     2 |     4 |    22 |   132 |   130 ||   290
       Tower shield      |       |       |       |       |       |  1377 |  1143 ||  2520

Table legend: (Time is in decaauts)
 A = Elapsed time spent in this place.
 B = Non-inter-level travel time spent in this place.
 C = Inter-level travel time spent in this place.
 D = Time resting spent in this place.
 E = Time spent auto-exploring this place.
 F = Levels seen in this place.
 G = Mean time per level.
                   A        B        C        D        E       F      G
               +--------+--------+--------+--------+--------+-----+--------+
         Total |  57043 |  53989 |   3054 |  14169 |  28233 |  44 | 1296.4 |
       Dungeon |  17557 |  15992 |   1565 |   2504 |  10209 |  15 | 1170.5 |
          Lair |   9837 |   9240 |    597 |   2700 |   4662 |   5 | 1967.4 |
         Swamp |   4953 |   4755 |    198 |   1558 |   2037 |   4 | 1238.2 |
     Snake Pit |   6491 |   6279 |    212 |    991 |   4072 |   4 | 1622.8 |
  Orcish Mines |   2787 |   2559 |    228 |   1133 |   1052 |   2 | 1393.5 |
   Elven Halls |   3586 |   3417 |    169 |    874 |   1690 |   2 | 1793.0 |
        Vaults |   5117 |   5035 |     82 |    388 |   3590 |   4 | 1279.2 |
         Abyss |      1 |      1 |      0 |      0 |      0 |   2 |    0.5 |
        Bazaar |     34 |     34 |      0 |      0 |     28 |   1 |   34.0 |
         Sewer |    414 |    414 |      0 |      0 |    305 |   1 |  414.0 |
        Bailey |    500 |    500 |      0 |    226 |     20 |   1 |  500.0 |
      Ice Cave |   2110 |   2110 |      0 |   1554 |     61 |   1 | 2110.0 |
        Wizlab |   2069 |   2069 |      0 |   1372 |    212 |   1 | 2069.0 |
    Desolation |   1581 |   1581 |      0 |    868 |    291 |   1 | 1581.0 |
               +--------+--------+--------+--------+--------+-----+--------+

Top non-repeatable levels by time:
    D:12: 3198 daAuts
  Lair:5: 2766 daAuts
   IceCv: 2110 daAuts
  WizLab: 2069 daAuts
  Lair:2: 2054 daAuts
   Elf:1: 2023 daAuts
  Lair:3: 1914 daAuts
Vaults:2: 1874 daAuts
 Snake:4: 1778 daAuts
 Snake:3: 1696 daAuts
 Swamp:4: 1659 daAuts
 Snake:1: 1654 daAuts
   Orc:2: 1632 daAuts
Desolation: 1581 daAuts
   Elf:2: 1562 daAuts
